 Dungeon Sprint DCSS version 0.28-a0-224-g76b539d98b (webtiles) character file.

Game seed: 2570187249632502610

2143 tbh1313 the Basher (level 9, -3/90 HPs)
             Began as a Minotaur Berserker on Aug 22, 2021.
             Was a High Priest of Trog.
             Slain by a centaur warrior (10 damage)
             ... in the Dungeon (Sprint III: "The Ten Rune Challenge").
             The game lasted 00:03:32 (1623 turns).

tbh1313 the Basher (Minotaur Berserker)             Turns: 1623, Time: 00:03:33

Health: -3/90      AC:  3    Str: 22    XL:     9   Next: 9%
Magic:  8/8        EV: 15    Int:  7    God:    Trog [*****.]
Gold:   51         SH:  0    Dex: 10    Spells: 8/8 levels left

rFire   . . .      SeeInvis .   a - +0 mace
rCold   . . .      Faith    .   (no shield)
rNeg    . . .      Spirit   .   n - +0 robe
rPois   .          Reflect  .   (helmet restricted)
rElec   .          Harm     .   (no cloak)
rCorr   .          Rampage  .   (no gloves)
Will    ++...      NoTele   +   (no boots)
Stlth   +.........              (no amulet)
HPRegen 1.25/turn               (no ring)
MPRegen 0.11/turn               (no ring)

@: mighty, strong-willed, regenerating
A: horns 2, retaliatory headbutt
a: Renounce Religion, Berserk, Trog's Hand, Brothers in Arms


You were in the Dungeon.
You worshipped Trog.
Trog was extremely pleased with you.
You visited 1 branch You collected 51 gold pieces.

Inventory:

Hand Weapons
 a - a +0 mace (weapon)
Armour
 n - a +0 robe (worn)
Scrolls
 h - a scroll of blinking
 i - a scroll of identify
 k - a scroll of holy word
Potions
 c - 3 potions of mutation
 e - a potion of haste
 f - 2 potions of magic
 g - a potion of berserk rage
 j - 4 potions of flight


   Skills:
 + Level 12.0 Fighting
 - Level 14.0 Maces & Flails
 + Level 11.8 Armour
 + Level 10.9 Dodging


You had 8 spell levels left.
You didn't know any spells.
Your spell library contained the following spells:

 Spells                   Type           Power      Damage    Failure   Level
 Static Discharge         Conj/Air       0%         N/A       56%         2
 Lightning Bolt           Conj/Air       0%         1d11      100%        5
 Maxwell's Capacitive Co  Air            0%         ∞         100%        8


Dungeon Overview and Level Annotations

Branches:
Dungeon (1/1)

Altars:
Cheibriados
Dithmenos
Elyvilon
Fedhas
Gozag
Hepliaklqana
Kikubaaqudgha
Makhleb
Nemelex Xobeh
Okawaru
Qazlal
Ru
Sif Muna
Trog
Uskayaw
Vehumet
Wu Jian
Xom
Yredelemnul
Zin
The Shining One
Beogh
Jiyva
Lugonu


Innate Abilities, Weirdness & Mutations

You have a pair of horns on your head.
You reflexively headbutt those who attack you in melee.


Message History

The centaur barely misses you. You furiously retaliate!
You headbutt the centaur. The centaur completely misses you.
The centaur warrior hits you!
The centaur warrior kicks you but does no damage.
You hit the centaur but do no damage.
You headbutt the centaur, but do no damage.
The centaur is severely wounded.
The centaur closely misses you. You furiously retaliate!
You headbutt the centaur!
You kill the centaur!
Trog accepts your kill. The centaur warrior hits you.
The centaur warrior kicks you.
Your skin crawls.
You feel strong-willed. The centaur hits you. The centaur kicks you.
The centaur warrior hits you. The centaur warrior kicks you.
You sock the centaur!
The centaur is severely wounded.
The centaur hits you.
* * * LOW HITPOINT WARNING * * *
The centaur completely misses you. The centaur warrior hits you.
* * * LOW HITPOINT WARNING * * *
The centaur warrior kicks you.
* * * LOW HITPOINT WARNING * * *
You sock the centaur!
You kill the centaur!
Trog accepts your kill. The centaur warrior hits you.
* * * LOW HITPOINT WARNING * * *
The centaur warrior kicks you but does no damage.
Your Fighting skill increases to level 12!
You hit the centaur warrior.
The centaur warrior is lightly wounded.
The centaur warrior hits you.
* * * LOW HITPOINT WARNING * * *
The centaur warrior kicks you.
* * * LOW HITPOINT WARNING * * *
You feel very mighty all of a sudden. The centaur warrior hits you!
You die...

####### ___#__#
__.#._# '###)##
......# ......#
#####'#
__#...#+#############
__#...#.)§≈≈§.#.@)..+
__#...#)#§§≈#§#.#c..#
__#...'.#§§§#§#.#...#
__'...#.#§§.#...#...#
▓▓▓▓▓▓▓▓▓▓▓▓▓▓▓▓▓▓▓▓#


You could see a centaur warrior.

Levels and vault maps discovered:
D:        dungeon_sprint_mu [sprint_mu_entry_cave, sprint_mu_temple_rooms,
          sprint_mu_d1_horrors, sprint_mu_d2_genie, sprint_mu_d3_branching,
          sprint_mu_orc_legion, sprint_mu_elf_gauntlet, sprint_mu_hive_nellie,
          sprint_mu_lair_fedhas, sprint_mu_vaults_butterflies,
          sprint_mu_slime_circle, sprint_mu_swamp_cave, sprint_mu_snake_twists,
          sprint_mu_blade_basic, sprint_mu_crypt_chambers,
          sprint_mu_tomb_spiral, sprint_mu_vestibule_basic,
          sprint_mu_gehenna_hellfire, sprint_mu_dis_giant,
          sprint_mu_tartarus_statrot, sprint_mu_cocytus_islands, sprint_mu_zot1]

Notes
Turn   | Place    | Note
-------+----------+-------------------------------------------
     0 | D        | tbh1313 the Minotaur Berserker began the quest for the Orb.
     0 | D        | Reached XP level 1. HP: 19/19 MP: 0/0
    10 | D        | Reached skill level 4 in Maces & Flails
    28 | D        | Reached ** piety under Trog
    29 | D        | Reached skill level 5 in Maces & Flails
   171 | D        | Noticed a scorpion
   178 | D        | Killed a scorpion
   179 | D        | Reached skill level 9 in Maces & Flails
   179 | D        | Reached XP level 2. HP: 19/26 MP: 1/1
   179 | D        | Reached XP level 3. HP: 22/31 MP: 2/2
   181 | D        | HP: 3/46 [human (8)]
   184 | D        | Reached skill level 10 in Maces & Flails
   184 | D        | Reached XP level 4. HP: 3/39 MP: 3/3
   186 | D        | HP: 1/39 [poisoned by a scorpion]
   419 | D        | Noticed a water elemental
   428 | D        | Killed a water elemental
   428 | D        | Reached *** piety under Trog
   429 | D        | Reached skill level 12 in Maces & Flails
   429 | D        | Reached XP level 5. HP: 45/45 MP: 4/4
   526 | D        | Found a glowing silver altar of Zin.
   526 | D        | Found a glowing golden altar of the Shining One.
   526 | D        | Found a white marble altar of Elyvilon.
   527 | D        | Noticed a deep elf pyromancer
   532 | D        | Noticed a fire elemental
   532 | D        | Noticed a fire elemental
   533 | D        | Killed a deep elf pyromancer
   534 | D        | Reached skill level 14 in Maces & Flails
   534 | D        | Reached XP level 6. HP: 20/61 MP: 5/5
   534 | D        | Reached XP level 7. HP: 22/67 MP: 6/6
   647 | D        | Found a radiant altar of Vehumet.
   647 | D        | Found a shimmering blue altar of Sif Muna.
   647 | D        | Found an ancient bone altar of Kikubaaqudgha.
   652 | D        | Reached **** piety under Trog
   663 | D        | Found a hide-covered altar of Uskayaw.
   663 | D        | Found an iron altar of Okawaru.
   663 | D        | Found a bloodstained altar of Trog.
   663 | D        | Found an ornate altar of the Wu Jian Council.
   663 | D        | Noticed a human
   665 | D        | Noticed a human
   672 | D        | Killed a human
   674 | D        | Killed a human
   795 | D        | Found a basalt altar of Yredelemnul.
   795 | D        | Found a shadowy altar of Dithmenos.
   795 | D        | Found a sacrificial altar of Ru.
   805 | D        | Reached ***** piety under Trog
   813 | D        | Noticed a shadow
   816 | D        | Killed a shadow
   817 | D        | Reached skill level 10 in Fighting
   817 | D        | Reached XP level 8. HP: 68/79 MP: 7/7
   867 | D        | Found a blossoming altar of Fedhas.
   867 | D        | Found a stormy altar of Qazlal.
   868 | D        | Found a snail-covered altar of Cheibriados.
   868 | D        | Found a burning altar of Makhleb.
   868 | D        | Found a hazy altar of Hepliaklqana.
   868 | D        | Found a shimmering altar of Xom.
   868 | D        | Found an opulent altar of Gozag.
   868 | D        | Found a sparkling altar of Nemelex Xobeh.
   868 | D        | Found a corrupted altar of Lugonu.
   868 | D        | Found a viscous altar of Jiyva.
   882 | D        | Reached skill level 10 in Armour
  1175 | D        | Noticed Erica
  1180 | D        | HP: 8/120 [rock wall collision (16)]
  1184 | D        | HP: 3/80 [poisoned by Erica (bolt of poison)]
  1188 | D        | Killed Erica
  1188 | D        | Received a gift from Trog
  1189 | D        | Reached skill level 10 in Dodging
  1476 | D        | Reached XP level 9. HP: 52/90 MP: 8/8
  1612 | D        | Noticed a centaur warrior
  1622 | D        | HP: 9/90 [centaur warrior (2)]
  1623 | D        | Slain by a centaur warrior

Table legend: (Time is in decaauts)
 A = Elapsed time spent in this place.
 B = Non-inter-level travel time spent in this place.
 C = Inter-level travel time spent in this place.
 D = Time resting spent in this place.
 E = Time spent auto-exploring this place.
 F = Levels seen in this place.
 G = Mean time per level.
                   A        B        C        D        E       F      G
               +--------+--------+--------+--------+--------+-----+--------+
         Total |   1673 |   1657 |     16 |   1172 |    288 |   1 | 1673.0 |
       Dungeon |   1673 |   1657 |     16 |   1172 |    288 |   1 | 1673.0 |
               +--------+--------+--------+--------+--------+-----+--------+

Top non-repeatable levels by time:
       D: 1673 daAuts

Table legend:
 A = Kills in this place as a percentage of kills in entire the game.
 B = Kills by you in this place as a percentage of kills by you in the entire game.
 C = Kills by friends in this place as a percentage of kills by friends in the entire game.
 D = Other kills in this place as a percentage of other kills in the entire game.
 E = Experience gained in this place as a percentage of experience gained in the entire game.
 F = Experience gained in this place divided by the number of levels of this place that you have seen.
                   A       B       C       D       E      F
               +-------+-------+-------+-------+-------+----------------------
         Total | 100.0 | 100.0 |   N/A |   N/A | 100.0 | 3062.0
       Dungeon | 100.0 | 100.0 |   N/A |   N/A | 100.0 | 3062.0
               +-------+-------+-------+-------+-------+----------------------

Action                   |  1- 3 |  4- 6 |  7- 9 || total
-------------------------+-------+-------+-------++-------
Melee: Mace              |    13 |    10 |    64 ||    87
       Headbutt          |     1 |     1 |    15 ||    17
Invok: Berserk           |     1 |     1 |     3 ||     5
       Trog's Hand       |       |     1 |     1 ||     2
  Use: Scroll            |     1 |     3 |       ||     4
       Potion            |       |     2 |     3 ||     5
 Stab: Sleeping          |     1 |       |       ||     1
Armor: Animal skin       |       |     2 |     1 ||     3
       Robe              |       |       |     4 ||     4
Dodge: Dodged            |     3 |     3 |    17 ||    23

Vanquished Creatures
  Erica (D)
  A deep elf pyromancer (D)
  A shadow (D)
  A spatial vortex (D)
  A necrophage (D)
  2 centaurs (D)
  An earth elemental (D)
  A scorpion (D)
  A water elemental (D)
  A jelly (D)
  A necromancer (D)
  A wizard (D)
  A kobold demonologist (D)
  3 humans (D)
  An endoplasm (D)
  3 rats (D)
21 creatures vanquished.

Vanquished Creatures (others)
  3 plants (D)
3 creatures vanquished.

Grand Total: 24 creatures vanquished
